 Dungeon Crawl Stone Soup version 0.28.0 (webtiles) character file.

Game seed: 15725371474113209273

35 egresovca the Conjurer (level 3, -6/24 HPs)
             Began as a Demonspawn Conjurer on Feb 10, 2022.
             Mangled by Sigmund (11 damage)
             ... on level 3 of the Dungeon.
             The game lasted 00:02:30 (1999 turns).

egresovca the Conjurer (Demonspawn Conjurer)        Turns: 1999, Time: 00:02:30

Health: -6/24      AC:  2    Str:  9    XL:     3   Next: 17%
Magic:  2/7        EV: 12    Int: 19    God:
Gold:   57         SH:  0    Dex: 11    Spells: 4/7 levels left

rFire   . . .      SeeInvis .   h - +0 whip
rCold   . . .      Faith    .   (no shield)
rNeg    . . .      Spirit   .   a - +0 robe
rPois   .          Reflect  .   (helmet restricted)
rElec   .          Harm     .   (no cloak)
rCorr   .          Rampage  .   (no gloves)
Will    .....                   (no boots)
Stlth   +.........              (no amulet)
HPRegen 0.08/turn               (no ring)
MPRegen 0.10/turn               (no ring)

@: confused
A: horns 1
a: no special abilities


You were on level 3 of the Dungeon.
You visited 1 branch of the dungeon, and saw 3 of its levels.

You collected 57 gold pieces.

Inventory:

Hand Weapons
 h - a +0 whip (weapon)
Armour
 a - a +0 robe (worn)
Scrolls
 c - a scroll of identify {unknown}
 d - 2 scrolls of teleportation {unknown}
 i - a scroll of blinking {unknown}
 j - a scroll of fear {unknown}
Potions
 b - a potion of might {unknown}
 e - a potion of berserk rage {unknown}
 f - a potion of mutation {unknown}
 g - 2 potions of curing {unknown}


   Skills:
 - Level 1.7 Dodging
 - Level 1.7 Stealth
 * Level 2.8 Spellcasting
 + Level 4.5 Conjurations


You had 4 spell levels left.
You knew the following spells:

 Your Spells              Type           Power      Damage    Failure   Level
a - Magic Dart            Conj           80%        1d7       2%          1
b - Searing Ray           Conj           40%        2d5       3%          2

Your spell library contained the following spells:

 Spells                   Type           Power      Damage    Failure   Level
 Dazzling Flash           Conj/Hex       22%        N/A       19%         3
 Ensorcelled Hibernation  Hex/Ice        4%         N/A       24%         2
 Spider Form              Tmut/Pois      2%         N/A       43%         3
 Fulminant Prism          Conj/Hex       5%         3d7       52%         4
 Iskenderun's Mystic Bla  Conj/Tloc      11%        2d4       52%         4
 Anguish                  Hex/Necr       1%         N/A       83%         4


Dungeon Overview and Level Annotations

Branches:
Dungeon (3/15)

Altars:

Shops:
D:1 *

Annotations:
D:3 Sigmund


Innate Abilities, Weirdness & Mutations

You have a pair of small horns on your head.


Message History

Aim: a goblin, wielding a +0 dagger (72% to hit)
The searing ray hits the goblin!
You kill the goblin! (Press . to maintain the ray.) Magic restored.
j - a scroll labelled CIRATU EVVOV
Things that are here:
a +0 dagger; a goblin corpse Sigmund and a frilled lizard come into view.
Found a whip.
There are monsters nearby!
There are monsters nearby!
Aiming: Searing Ray (safe; 3% risk of failure)
Press: ? - help, Q - select action, (/) - cycle Shift-Dir - straight line, f - frilled lizard
Aim: a frilled lizard (asleep, 100% to hit)
The searing ray hits the frilled lizard.
You kill the frilled lizard! (Press . to maintain the ray.) Sigmund shouts!
The searing ray hits Sigmund!
Sigmund is moderately wounded.
The searing ray hits Sigmund!
Sigmund is heavily wounded.
Sigmund casts a spell at you. The puff of flame hits you!
The searing ray misses Sigmund.
You finish channelling your searing ray.
Sigmund points at you and mumbles some strange words.
You are confused.
You're too confused to cast spells.
Unknown command.
Sigmund casts a spell at you. The magic dart hits you!
* * * LOW HITPOINT WARNING * * *
You're too confused to move!
Sigmund casts a spell.
Sigmund flickers and vanishes!
Deactivating autopickup; reactivate with Ctrl-A.
You bump into the rock wall.
Something hits you!
You die...

.. ##.# ###
#.. ..##
###########.#
#..
..........#.#
#.†
###.........#
#)# #
#..####.#.#
#{# # #..#
#.#.#####.# #
#..#
#.#.....@.# #
#..#
#.###.##### #
#..# #.# #.#
# #..# #.#
#.# # #..#
#.# #.#
###..# #.#
#.# .......
... ######.
### #


There were no monsters in sight!

Vanquished Creatures
  An adder (D:2)
  A ball python (D:1)
  An endoplasm (D:1)
  2 giant cockroaches
  5 goblins
  2 hobgoblins
  2 jackals (D:2)
  A kobold (D:2)
  4 bats
  5 frilled lizards
24 creatures vanquished.

Notes
Turn   | Place    | Note
-------+----------+-------------------------------------------
     0 | D:1      | egresovca the Demonspawn Conjurer began the quest for the
                  | Orb.
     0 | D:1      | Reached XP level 1. HP: 13/13 MP: 3/3
    22 | D:1      | Found Emovav's General Store.
   436 | D:1      | Gained mutation: You have a pair of small horns on your
                  | head. [demonic ancestry]
   436 | D:1      | Reached XP level 2. HP: 19/19 MP: 0/5
   439 | D:1      | Learned a level 2 spell: Searing Ray
   554 | D:1      | Found a faded altar of an unknown god.
  1276 | D:2      | Reached XP level 3. HP: 22/24 MP: 2/7
  1991 | D:3      | Noticed Sigmund
  1999 | D:3      | Mangled by Sigmund

Illustrated notes

Levels and vault maps discovered:
D:1:      ebering_trefoil_3fold, layout_basic, serial_shops, shop,
          chequers_ecumenical_altar_simple_redux
D:2:      layout_loops_corners
D:3:      layout_loops_ring, feat_on_display, uniq_sigmund,
          uniq_crazy_yiuf_cottage

Action                   || total
-------------------------++-------
 Cast: Magic Dart        ||    19
       Searing Ray       ||    11
Dodge: Dodged            ||     3
